 Dungeon Crawl Stone Soup version 0.29-a0-469-gd254ca66d9 (webtiles) character file.

Game seed: 17267381876954501953

411 Bruhh the Ogre Mage (level 6, -3/53 HPs)
             Began as an Ogre Air Elementalist on May 22, 2022.
             Slain by a bullfrog (6 damage)
             ... in a sewer.
             The game lasted 00:05:13 (5037 turns).

Bruhh the Ogre Mage (Ogre Air Elementalist)         Turns: 5037, Time: 00:05:14

Health: -3/53      AC:  3    Str: 13    XL:     6   Next: 90%
Magic:  2/13       EV:  9    Int: 18    God:
Gold:   92         SH:  0    Dex:  9    Spells: 12/15 levels left

rFire   . . .      SeeInvis .   d - +2 dagger (venom)
rCold   . . .      Faith    .   (no shield)
rNeg    . . .      Spirit   .   a - +0 robe
rPois   .          Reflect  .   (helmet restricted)
rElec   .          Harm     .   (no cloak)
rCorr   .          Rampage  .   (gloves unavailable)
Will    +....                   (boots unavailable)
Stlth   +.........              (no amulet)
HPRegen 0.17/turn               (no ring)
MPRegen 0.13/turn               (no ring)

@: brilliant, lethally poisoned (-3 -> -6), very slightly contaminated, very
slow
A: large, unfitting armour, tough skin 1, hooves 1, strong-willed 1
a: no special abilities


You were in a sewer.
You visited 1 branch of the dungeon, and saw 3 of its levels.
You also visited: Sewer.

You collected 92 gold pieces.

Inventory:

Hand Weapons
 b - a +0 dagger
 d - a +2 dagger of venom (weapon)
Armour
 a - a +0 robe (worn)
Jewellery
 i - an amulet of the acrobat
 j - a +4 ring of evasion
Wands
 g - a wand of flame (11)
Scrolls
 f - a scroll of fog {unknown}
 k - 2 scrolls of identify {unknown}
 n - 2 scrolls of teleportation {unknown}
 o - a scroll of vulnerability {unknown}
 q - a scroll of enchant weapon {unknown}
 r - a scroll of amnesia {unknown}
Potions
 c - 3 potions of haste
 e - a potion of curing {unknown}
 l - a potion of heal wounds {unknown}
 m - a potion of brilliance
 p - a potion of cancellation {unknown}


   Skills:
 - Level 1.7 Dodging
 - Level 1.4 Stealth
 - Level 5.0 Spellcasting
 + Level 4.9 Conjurations
 - Level 3.0 Air Magic


You had 12 spell levels left.
You knew the following spells:

 Your Spells              Type           Power      Damage    Failure   Level
a - Shock                 Conj/Air       100%       1d9       2%          1
b - Static Discharge      Conj/Air       28%        N/A       4%          2

Your spell library contained the following spells:

 Spells                   Type           Power      Damage    Failure   Level
 Swiftness                Air            22%        N/A       12%         3
 Necrotize                Necr           24%        1d5       13%         1
 Vampiric Draining        Necr           6%         2d6       36%         3
 Airstrike                Air            11%        N/A       36%         4
 Agony                    Necr           6%         N/A       98%         5


Dungeon Overview and Level Annotations

Branches:
Dungeon (3/15)              Sewer (1/1)

Altars:


Innate Abilities, Weirdness & Mutations

You are too large for most types of armour.
You have tough skin. (AC +1)
You have large cloven feet.
You are strong-willed. (Will+)


Message History

The bullfrog is almost dead.
The lightning grounds out.
The ball python hisses angrily.
The adder bites you but does no damage. The bullfrog hits you!
The bullfrog hits you. The adder bites you.
You are too injured to fight recklessly!
You are too injured to fight recklessly!
Unknown command.
Casting: Static Discharge (safe; 4% risk of failure)
Confirm with . or Enter, or press ? or * to list all spells.
The bullfrog is struck by an arc of lightning.
The bullfrog is severely wounded.
The bullfrog is struck by an arc of lightning!
You kill the bullfrog!
The lightning grounds out.
The bullfrog barely misses you. The adder barely misses you.
The bullfrog hits you. The adder bites you but does no damage.
Unknown command.
Casting: Static Discharge (safe; 4% risk of failure)
Confirm with . or Enter, or press ? or * to list all spells.
You miscast Static Discharge.
You are very lightly contaminated with residual magic.
Nothing appears to happen.
The bullfrog hits you. The adder bites you.
You are poisoned.
The adder poisons you! The adder bites you. The ball python barely misses you.
Unknown command.
It was a potion of brilliance.
You feel clever all of a sudden.
You feel sick. The bullfrog hits you!
* * * LOW HITPOINT WARNING * * *
The adder barely misses you. The adder bites you.
* * * LOW HITPOINT WARNING * * *
The bullfrog closely misses you. The ball python bites you.
* * * LOW HITPOINT WARNING * * *
It was a potion of mutation.
You feel extremely strange.
Your feet thicken and deform.
You feel strong-willed.
* * * LOW HITPOINT WARNING * * *
You feel sick. The adder misses you. The adder barely misses you.
The bullfrog hits you.
You die...

###################
###†.≈≈≈≈≈≈≈≈≈≈≈≈≈≈≈#.S
##....≈≈≈≈≈#≈..≈#≈≈≈≈..F
#.....≈≈≈≈≈≈SSJ≈≈≈≈≈≈...
#....≈≈≈≈≈≈≈@S≈≈≈≈≈≈#≈..
##.....≈≈≈≈≈≈≈F≈≈≈≈≈≈≈≈..
#.....#≈≈≈≈≈≈≈≈≈≈≈≈≈≈≈#..
#....################## #
##...#### #.††.#..#
#..††'..# #.†.#####
##...##


You could see a bullfrog, 2 adders, an endoplasm and a ball python.

Vanquished Creatures
  Sigmund (D:2)
  A bullfrog (Sewer)
  Terence (D:2)
  4 adders
  5 river rats (Sewer)
  A worm (D:2)
  7 bats
  5 endoplasms
  7 giant cockroaches
  5 goblins
  7 hobgoblins
  4 jackals (D:2)
  A kobold (D:1)
  3 quokkas (D:3)
  14 ball pythons
  2 frilled lizards
  33 rats
101 creatures vanquished.

Vanquished Creatures (others)
  A ball python (D:2)
  3 jackals (D:2)
4 creatures vanquished.

Grand Total: 105 creatures vanquished

Notes
Turn   | Place    | Note
-------+----------+-------------------------------------------
     0 | D:1      | Bruhh the Ogre Air Elementalist began the quest for the
                  | Orb.
     0 | D:1      | Reached XP level 1. HP: 16/16 MP: 3/3
     6 | D:1      | Reached skill level 1 in Conjurations
    56 | D:1      | Reached XP level 2. HP: 5/24 MP: 0/5
   287 | D:1      | You fall into a shaft and drop 1 floor!
   822 | D:2      | Reached skill level 3 in Spellcasting
   830 | D:2      | Reached XP level 3. HP: 11/31 MP: 5/7
  1345 | D:1      | Found a faded altar of an unknown god.
  1401 | D:1      | You fall into a shaft and drop 1 floor!
  1423 | D:2      | Noticed Sigmund
  1522 | D:2      | Noticed Terence
  1926 | D:1      | Learned a level 2 spell: Static Discharge
  2202 | D:2      | Killed Terence
  2203 | D:2      | Reached XP level 4. HP: 3/39 MP: 6/9
  2206 | D:2      | HP: 1/39 [frilled lizard (2)]
  2959 | D:2      | Killed Sigmund
  2960 | D:2      | Reached skill level 4 in Spellcasting
  2960 | D:2      | Reached XP level 5. HP: 21/45 MP: 6/12
  3716 | D:2      | Reached XP level 6. HP: 39/53 MP: 4/13
  4196 | D:3      | Reached skill level 5 in Spellcasting
  4208 | D:3      | Found a glowing drain.
  4316 | Sewer    | Entered a sewer
  5037 | Sewer    | Gained mutation: You have large cloven feet. [potion of
                  | mutation]
  5037 | Sewer    | Gained mutation: You are strong-willed. (Will+) [potion of
                  | mutation]
  5037 | Sewer    | Slain by a bullfrog

Illustrated notes

Levels and vault maps discovered:
D:1:      dpeg_arrival_rhombus, layout_rooms,
          shapermc_ecumenical_altar_acropolis
D:2:      layout_basic, lemuel_old_faithful, uniq_terence, uniq_sigmund
D:3:      layout_loops_ring, gup_sewer_entry_pipe, serial_shops, shop, shop,
          shop, nicolae_shop_window_shopping
Sewer:    sewer_minmay_w

Skill      XL: |  1  2  3  4  5  6 |
---------------+-------------------+-----
Conjurations   | 1 2 3 4 |  4.9
Air Magic      | 3 |  3.0
Spellcasting   | 3 4 5 |  5.0
Dodging        | |  1.7
Stealth        | |  1.4

Action                   |  1- 3 |  4- 6 || total
-------------------------+-------+-------++-------
Melee: Unarmed           |     4 |       ||     4
       Punch             |     1 |     1 ||     2
       Dagger            |    31 |    89 ||   120
 Cast: Shock             |    46 |    17 ||    63
       Static Discharge  |       |    25 ||    25
  Use: Potion            |     2 |     3 ||     5
       Scroll            |     2 |     2 ||     4
 Stab: Sleeping          |       |     1 ||     1
Armor: Robe              |    31 |    42 ||    73
Dodge: Dodged            |    40 |    75 ||   115

Table legend: (Time is in decaauts)
 A = Elapsed time spent in this place.
 B = Non-inter-level travel time spent in this place.
 C = Inter-level travel time spent in this place.
 D = Time resting spent in this place.
 E = Time spent auto-exploring this place.
 F = Levels seen in this place.
 G = Mean time per level.
                   A        B        C        D        E       F      G
               +--------+--------+--------+--------+--------+-----+--------+
         Total |   5069 |   5022 |     47 |   2262 |   2073 |   4 | 1267.2 |
       Dungeon |   4310 |   4263 |     47 |   2262 |   1475 |   3 | 1436.7 |
         Sewer |    759 |    759 |      0 |      0 |    598 |   1 |  759.0 |
               +--------+--------+--------+--------+--------+-----+--------+

Top non-repeatable levels by time:
     D:2: 2098 daAuts
     D:1: 2007 daAuts
   Sewer: 759 daAuts
     D:3: 204 daAuts
